AoeStats
← AiM | Facu1414

African Clearing

505177591Analyzed
4v4 RM · 24d ago on Sep 8, 2026· 47m 28s· 8 players
Game mode
Random Map
Map size
Large (8 player)
Population
200
Speed
Normal
Resources
Standard
Victory
Conquest
Starting age
Dark Age
Ending age
Imperial Age
RankedLock teamsTeams togetherTeam positionsShared explorationLock speedFull tech treeHidden civsTurbo modeCheats
Victory
Defeat
🇨🇱 Persians · Chile
1589
+13
🇲🇽 Vietnamese · Mexico
1547
+15
🇦🇷 Khitans · Argentina
1536
+15
🇦🇷 Cumans · Argentina
1519
+16
🇨🇳 Mongols · China
1604
-19
🇨🇳 Persians · China
1517
-15
🇨🇳 Malians · China
1510
-14
🇨🇳 Japanese · China
1432
-11
小弱鸡
10:30 Loom
12:43 Feudal Age
16:36 Castle Age
14:51 Double-Bit Axe
15:30 Fletching
15:46 Town Watch
17:52 Bow Saw
20:49 Bodkin Arrow
23:30 Padded Archer Armor
26:05 Husbandry
27:11 Bloodlines
29:03 Ballistics
30:27 Leather Archer Armor
32:49 Wheelbarrow
34:05 Thumb Ring
36:03 Treadmill Crane
40:04 Imperial Age
38:11 Gold Mining
38:13 Stone Mining
39:57 Scale Mail Armor
40:07 Forging
40:46 Hand Cart
41:14 Parthian Tactics
41:28 Bracer
43:30 Chemistry
43:11 Conscription
42:51 Yasama
43:05 Arrowslits
43:48 Squires
43:33 Arson
44:14 Heavy Cavalry Archer
44:32 Pikeman
46:13 Murder Holes
46:08 Guard Tower
46:30 Masonry
46:58 Ring Archer Armor
47:14 Chain Mail Armor
47:35 Iron Casting
46:35 Elite Skirmisher
给你一棒槌
12:58 Feudal Age
12:38 Loom
16:53 Castle Age
15:35 Double-Bit Axe
25:43 Bow Saw
27:28 Horse Collar
31:23 Heavy Plow
33:25 Wheelbarrow
32:37 Town Watch
34:10 Gold Mining
37:47 Imperial Age
36:08 Gold Shaft Mining
36:09 Scale Barding Armor
36:26 Husbandry
36:36 Bloodlines
37:33 Forging
38:37 Chain Barding Armor
39:05 Iron Casting
44:51 Fletching
47:44 Hand Cart
晚辞
3:23 Loom
14:26 Feudal Age
18:55 Castle Age
17:36 Fletching
21:43 Wheelbarrow
20:53 Town Watch
雀巢阿帆
10:27 Loom
13:08 Feudal Age
14:10 Double-Bit Axe
18:48 Scale Barding Armor
21:14 Forging
30:10 Castle Age
31:12 Husbandry
AiM | EleuieseKa
8:49 Loom
12:06 Feudal Age
12:29 Double-Bit Axe
13:57 Forging
18:23 Wheelbarrow
22:26 Castle Age
20:52 Fletching
21:16 Bloodlines
21:17 Gold Mining
22:14 Padded Archer Armor
21:59 Horse Collar
23:15 Bodkin Arrow
24:48 Husbandry
27:26 Bow Saw
29:28 Ballistics
32:03 Thumb Ring
34:00 Scale Barding Armor
35:12 Chain Barding Armor
37:18 Hand Cart
42:12 Imperial Age
41:52 Cavalier
43:40 Plate Barding Armor
43:17 Town Watch
44:17 Capped Ram
45:39 Savar
47:14 Iron Casting
AiM | Facu1414
8:53 Loom
15:18 Feudal Age
18:45 Castle Age
16:51 Double-Bit Axe
24:26 Fletching
28:29 Bodkin Arrow
31:19 Padded Archer Armor
32:27 Ballistics
32:44 Horse Collar
38:09 Wheelbarrow
38:14 Bloodlines
38:10 Thumb Ring
39:51 Leather Archer Armor
40:18 Bow Saw
41:19 Hand Cart
40:49 Town Watch
45:29 Imperial Age
45:37 Elite Kipchak
46:49 Ring Archer Armor
47:31 Chemistry
47:13 Conscription
AIM | Agua cate 98
5:39 Loom
7:43 Loom
13:15 Feudal Age
17:55 Forging
19:27 Town Watch
25:37 Double-Bit Axe
27:33 Wheelbarrow
32:21 Scale Barding Armor
33:48 Domestication
36:12 Wheelbarrow
38:52 Castle Age
38:58 Light Cavalry
40:20 Iron Casting
41:07 Chain Barding Armor
41:57 Husbandry
44:38 Hand Cart
46:22 Pastoralism
AiM | Fubuki Sinri
9:29 Loom
11:53 Feudal Age
13:43 Fletching
23:31 Horse Collar
24:20 Double-Bit Axe
28:17 Castle Age
28:57 Bodkin Arrow
29:35 Padded Archer Armor
29:42 Thumb Ring
31:46 Leather Archer Armor
31:51 Bow Saw
32:22 Wheelbarrow
32:13 Ballistics
31:54 Gold Mining
34:14 Heavy Plow
36:10 Stone Mining
41:43 Imperial Age
41:05 Stone Shaft Mining
41:48 Herbal Medicine
42:20 Hand Cart
41:50 Town Watch
41:50 Elite Rattan Archer
43:03 Bracer
44:31 Chemistry
44:30 Ring Archer Armor
45:48 Two-Man Saw
45:19 Crop Rotation
46:02 Town Patrol
47:18 Coinage
Connection lost

Rejoining the realm…

Still unreachable

The connection could not be restored.

Session expired

The server has moved on; the page needs a fresh start.